 Dungeon Crawl Stone Soup version 0.22-a0-348-gd16d139 (webtiles) character file.

37 kidcy the Chiller (level 3, -1/26 HPs)
             Began as a Draconian Ice Elementalist on Apr 10, 2018.
             Killed by nerve-wracking pain
             ... invoked by a shadow imp
              (9 damage)
             ... on level 1 of the Dungeon.
             The game lasted 00:02:01 (1415 turns).

kidcy the Chiller (Draconian Ice Elementalist)      Turns: 1415, Time: 00:02:01

Health: -1/26      AC:  5    Str: 10    XL:     3   Next: 21%
Magic:  6/6        EV: 12    Int: 21    God:
Gold:   74         SH:  0    Dex: 11    Spells: 4/7 levels left

rFire    . . .     SeeInvis .   c - +0 dagger
rCold    . . .     Gourm    .   (no shield)
rNeg     . . .     Faith    .   (armour unavailable)
rPois    .         Spirit   .   (helmet restricted)
rElec    .         Reflect  .   (no cloak)
rCorr    .         Harm     .   (no gloves)
MR       .....                  (no boots)
Stlth    ++........             (no amulet)
HPRegen  0.08/turn              (no ring)
MPRegen  0.10/turn              (no ring)

@: brilliant
A: unfitting armour, cold-blooded, AC +5
a: no special abilities


You were on level 1 of the Dungeon.
You were hungry.

You visited 1 branch of the dungeon, and saw 2 of its levels.

You collected 74 gold pieces.

Inventory:

Hand Weapons
 c - a +0 dagger (weapon)
Missiles
 i - 17 stones (quivered)
Jewellery
 e - an uncursed ring of protection from fire {unknown}
Scrolls
 d - a scroll of identify {unknown}
Potions
 a - 2 potions of magic
Comestibles
 b - 2 rations
 h - a chunk of flesh


   Skills:
 - Level 1.7 Dodging
 - Level 1.7 Stealth
 + Level 2.5 Spellcasting
 - Level 1.0 Conjurations
 * Level 4.0 Ice Magic


You had 4 spell levels left.
You knew the following spells:

 Your Spells              Type           Power        Failure   Level  Hunger
a - Freeze                Ice            ####         1%          1    None
b - Throw Frost           Conj/Ice       ####..       1%          2    ##.....


Dungeon Overview and Level Annotations

Branches:
Dungeon (2/15)

Altars:


Innate Abilities, Weirdness & Mutations

Your plain brown scales are hard. (AC +5)
You cannot fit into any form of body armour.
You are cold-blooded and may be slowed by cold attacks.


Message History

The shadow imp closely misses you. The shadow imp barely misses you.
You see here 3 stones.
i - 17 stones (gained 3)
The shadow imp hits you.
* * * LOW HITPOINT WARNING * * *
The shadow imp gestures at you. Pain shoots through your body!
* * * LOW HITPOINT WARNING * * *
The shadow imp gestures at you. Pain shoots through your body!
* * * LOW HITPOINT WARNING * * *
There is an open door here.
The shadow imp gestures at you.
You barely resist.
You close the door.
A shadow imp opens the door.
The shadow imp gestures at you. Pain shoots through your body!
You die...

#.##...[...#########.###.#.#.#...
#.##..)....#...)...#.# #.#.#.#.##
#.##.......#.###.....# #.#.#.#.##
#.#####.#....# #.....# #.#.#(#.##
#.#####.###### #.....###...#.#...
#.......#<#.####.....#.....#.####
#########.#...5'.....#.#...#.####
........#.#5####.....#...........
[.......#.#.....@..#.#.......####
#########.########.#.#.#.........
# #.............##.#.#.#.########
# #######.########.#5#.#.........
#.#.....[..#.#.#.########
#########.#.####..##.#...........
#......##.#.........[#.#.........
#......##.######..###############
.......#8.8# #...................


You could see a shadow imp.

Vanquished Creatures
  Jessica (D:1)
  2 giant cockroaches (D:1)
  2 goblins (D:1)
  A hobgoblin (D:1)
  3 kobolds (D:1)
  A rat (D:1)
10 creatures vanquished.

Notes
Turn   | Place    | Note
-------+----------+-------------------------------------------
     0 | D:1      | kidcy the Draconian Ice Elementalist began the quest for the Orb.
     0 | D:1      | Reached XP level 1. HP: 14/14 MP: 3/3
   666 | D:1      | Reached XP level 2. HP: 2/20 MP: 1/5
  1108 | D:1      | Learned a level 2 spell: Throw Frost
  1149 | D:2      | Noticed Jessica
  1266 | D:1      | Killed Jessica
  1266 | D:1      | Reached XP level 3. HP: 25/26 MP: 0/6
  1275 | D:1      | Reached skill level 4 in Ice Magic
  1415 | D:1      | Killed from afar by a shadow imp

Vault maps used:
D:1:      lemuel_arrival_cross
D:2:      minmay_roachtagon, uniq_terence, uniq_jessica

Skill      XL: |  1  2  3 |
---------------+----------+-----
Ice Magic      | 4 |  4.0
Dodging        | |  1.7
Stealth        | |  1.7
Spellcasting   | |  2.5
Conjurations   | |  1.0

Action                   || total
-------------------------++-------
Melee: Dagger            ||    34
       Unarmed           ||     7
       Tailslap          ||     4
Throw: Stone             ||     3
 Cast: Freeze            ||    16
  Use: Potion            ||     3
 Stab: Sleeping          ||     1
  Eat: Chunk             ||     1
Armor: Skin              ||    22
Dodge: Dodged            ||    39

Table legend:
 A = Spawn XP
 B = Non-spawn XP
 C = Spawn XP percentage of total XP
 D = Spawn monster count
 E = Non-spawn monster count
 F = Spawn count percentage of total count
 G = Total turns spent on level
                    A         B        C        D         E        F      G
               +---------+---------+-------+---------+---------+-------+---------
         Total |       0 |      53 |   0.0 |       0 |      10 |   0.0 |  1415
               +---------+---------+-------+---------+---------+-------+---------
           D:1 |       0 |      53 |   0.0 |       0 |      10 |   0.0 |  1384
               +---------+---------+-------+---------+---------+-------+---------
